 Dungeon Crawl Stone Soup version 0.29.0-4-gdea44cf6ec (webtiles) character file.

Game seed: 17395405413478484273

57 qw the Chopper (level 4, -5/26 HPs)
             Began as a Tengu Warper on Aug 28, 2022.
             Succumbed to Terence's poison
             ... on level 1 of the Dungeon.
             The game lasted 00:00:09 (1639 turns).

qw the Chopper (Tengu Warper)                       Turns: 1639, Time: 00:00:09

Health: -5/26      AC:  8    Str: 13    XL:     4   Next: 0%
Magic:  8/8        EV:  6    Int: 13    God:
Gold:   136        SH:  0    Dex: 20    Spells: 7/7 levels left

rFire   . . .      SeeInvis .   i - +0 broad axe
rCold   . . .      Faith    .   (no shield)
rNeg    . . .      Spirit   .   f - +0 chain mail
rPois   .          Reflect  .   (helmet restricted)
rElec   .          Harm     .   (no cloak)
rCorr   .          Rampage  .   (no gloves)
Will    .....                   (boots unavailable)
Stlth   ..........              (no amulet)
HPRegen 0.08/turn               d - +6 ring of dexterity
MPRegen 0.11/turn               (no ring)

@: lethally poisoned (-5 -> -38)
A: beak, talons 3
a: no special abilities


You were on level 1 of the Dungeon.
You visited 1 branch of the dungeon, and saw 2 of its levels.

You collected 176 gold pieces.
You spent 40 gold pieces at shops.


Innate Abilities, Weirdness & Mutations

You have a beak for a mouth.
You have claws for feet.


   Skills:
 - Level 2.0 Fighting
 + Level 4.5 Axes
 - Level 1.0 Throwing
 - Level 1.1 Armour
 - Level 2.1 Dodging
 - Level 2.0 Spellcasting
 - Level 2.4 Translocations


You had 7 spell levels left.
You didn't know any spells.
Your spell library contained the following spells:

 Spells                   Type           Power      Damage    Failure   Level
 Blink                    Tloc           14%        N/A       99%         2
 Gell's Gravitas          Tloc           7%         N/A       100%        3
 Lesser Beckoning         Tloc           7%         N/A       100%        3
 Teleport Other           Tloc           7%         N/A       100%        3
 Manifold Assault         Tloc           7%         N/A       100%        5

Inventory:

Hand Weapons
 e - a +0 club
 i - a +0 broad axe (weapon)
Armour
 f - a +0 chain mail (worn)
Jewellery
 d - a +6 ring of dexterity (left hand)
Potions
 g - a potion of heal wounds {unknown}
 h - a potion of might {unknown}

Dungeon Overview and Level Annotations

Branches:
Dungeon (2/15)

Altars:

Shops:
D:1 *


Message History

A giant cockroach comes into view.
You hit the goblin.
You kill the goblin!
You slash the giant cockroach!
You kill the giant cockroach!
Terence the Incautious comes into view.
He is wielding a +2 flail of venom.
You have reached level 4!
You feel agile.
There is a stone staircase leading up here.
Things that are here:
a +0 dagger; a +0 sling A ball python comes into view.
The ball python hisses angrily.
1633 ||| STAIRDANCE Terence shouts, "Get ready for death!"
Terence completely misses you.
You climb upwards.
There is a stone staircase leading down here.
You slash Terence! You claw Terence, but do no damage.
You peck Terence, but do no damage.
Terence is heavily wounded.
Terence barely misses you.
You barely miss Terence. Your kick misses Terence. Your peck misses Terence.
Terence is heavily wounded.
Terence hits you with a +2 flail of venom.
You are poisoned.
You barely miss Terence. You claw Terence.
Terence is almost dead.
You feel very sick.
Terence hits you with a +2 flail of venom.
You are more poisoned.
Terence hits you with a +2 flail of venom.
You are lethally poisoned!
You hit Terence but do no damage. You peck Terence.
Terence is almost dead.
You feel extremely sick.
Terence hits you with a +2 flail of venom.
You are more poisoned.
You hit Terence.
You kill Terence!
You die...

...#...#...#.#
#........(..
..###.....####
#........... ### ##._.##
######.#####
..###.....#### #.#
.#.#...#...#.# #.#####
.#....###....#########
#.##... .##..##
##..###......### #.#####
.###..# #..## #........#
#.# #.. ..#.#.# #...#
#.@....#.####.# #..
###...###.#.#
#.).......#...# #..
#.......#.#
#####.#...#.#######
##.####.#.#
#.#............
#...#..#.####
#.#####...#####
#.#'#..#....##
#.....#...#####
#.#<#........#
#####.#.....#..
#.#+#..#.....# #...#.###.#
#...#.##.###.###########%#
#..


There were no monsters in sight!

Vanquished Creatures
  Terence (D:1)
  An adder (D:2)
  A worm (D:1)
  2 dart slugs
  3 bats (D:1)
  4 endoplasms (D:1)
  A giant cockroach (D:2)
  4 goblins
  4 hobgoblins
  2 jackals (D:1)
  3 quokkas (D:1)
  7 ball pythons
  6 frilled lizards (D:1)
  2 rats (D:1)
41 creatures vanquished.

Vanquished Creatures (others)
  10 fungi (D:1)
  5 toadstools (D:1)
15 creatures vanquished.

Grand Total: 56 creatures vanquished

Notes
Turn   | Place    | Note
-------+----------+-------------------------------------------
     0 | D:1      | qw the Tengu Warper began the quest for the Orb.
     0 | D:1      | Reached XP level 1. HP: 12/12 MP: 4/4
     0 | D:1      | 0 ||| qw: Version: 0.1-a-89-g26bdef1
     0 | D:1      | 0 ||| qw: Game counter: 45
     0 | D:1      | 0 ||| qw: Always use a shield: true
     0 | D:1      | 0 ||| qw: God list: Okawaru
     0 | D:1      | 0 ||| qw: Allow faded altars: false
     0 | D:1      | 0 ||| qw: Do Orc after D:15 true
     0 | D:1      | 0 ||| qw: Do second Lair branch before Depths: true
     0 | D:1      | 0 ||| qw: Lair rune preference: random
     0 | D:1      | 0 ||| qw: Plans: Normal
     0 | D:1      | 0 ||| PLANNING D:1-11
    10 | D:1      | Found a faded altar of an unknown god.
    33 | D:1      | 33 ||| Stepping ~*~*~tactically~*~*~ (stealth).
    35 | D:1      | 35 ||| Stepping ~*~*~tactically~*~*~ (stealth).
    37 | D:1      | 37 ||| Stepping ~*~*~tactically~*~*~ (stealth).
    40 | D:1      | 40 ||| Stepping ~*~*~tactically~*~*~ (stealth).
    80 | D:1      | 80 ||| Stepping ~*~*~tactically~*~*~ (stealth).
    81 | D:1      | 81 ||| Stepping ~*~*~tactically~*~*~ (stealth).
   134 | D:1      | 134 ||| Stepping ~*~*~tactically~*~*~ (stealth).
   136 | D:1      | 136 ||| Stepping ~*~*~tactically~*~*~ (stealth).
   139 | D:1      | 139 ||| Stepping ~*~*~tactically~*~*~ (stealth).
   141 | D:1      | Reached XP level 2. HP: 17/17 MP: 6/6
   147 | D:1      | Reached skill level 3 in Axes
   286 | D:1      | 286 ||| Stepping ~*~*~tactically~*~*~ (stealth).
   287 | D:1      | 287 ||| Stepping ~*~*~tactically~*~*~ (stealth).
   291 | D:1      | 291 ||| Stepping ~*~*~tactically~*~*~ (stealth).
   304 | D:1      | 304 ||| Stepping ~*~*~tactically~*~*~ (stealth).
   526 | D:1      | Reached XP level 3. HP: 21/21 MP: 7/7
   607 | D:1      | Found Sextuq's Assorted Antiques.
   769 | D:1      | 769 ||| SHOPLISTING 3 scrolls labelled FEYRAE OSYAGEN (69
                  | gold, have 46).
   769 | D:1      | 769 ||| SHOPLISTING cloak (103 gold, have 46).
   769 | D:1      | 769 ||| BUYING lumpy sapphire potion (20 gold).
   769 | D:1      | Bought a lumpy sapphire potion for 20 gold pieces
   769 | D:1      | 769 ||| BUYING ruby potion (20 gold).
   769 | D:1      | Bought a ruby potion for 20 gold pieces
   769 | D:1      | 769 ||| SHOPLISTING scroll labelled FEYRAE OSYAGEN (23
                  | gold, have 6).
   769 | D:1      | 769 ||| SHOPLISTING whip (57 gold, have 6).
  1065 | D:1      | 1065 ||| SWAPPING to +0 broad axe.
  1070 | D:1      | Reached skill level 4 in Axes
  1072 | D:1      | 1072 ||| DROPPING +0 hand axe.
  1115 | D:1      | 1115 ||| Stepping ~*~*~tactically~*~*~ (stealth).
  1203 | D:1      | 1203 ||| UPGRADING to +0 chain mail.
  1213 | D:1      | 1213 ||| DROPPING +0 leather armour.
  1214 | D:1      | 1214 ||| UPGRADING to +6 ring of dexterity.
  1215 | D:1      | 1215 ||| DROPPING scroll of blinking.
  1278 | D:2      | 1278 ||| STAIRDANCE
  1317 | D:2      | 1317 ||| STAIRDANCE
  1440 | D:2      | 1440 ||| STAIRDANCE
  1615 | D:2      | 1615 ||| Stepping ~*~*~tactically~*~*~ (hiding).
  1616 | D:2      | 1616 ||| Stepping ~*~*~tactically~*~*~ (hiding).
  1627 | D:2      | Noticed Terence
  1628 | D:2      | Reached XP level 4. HP: 26/26 MP: 8/8
  1633 | D:2      | 1633 ||| STAIRDANCE
  1638 | D:1      | HP: 3/26 [Terence/+2 flail of venom (6)]
  1639 | D:1      | Killed Terence
  1639 | D:1      | Succumbed to Terence's poison

Levels and vault maps discovered:
D:1:      dpeg_arrival_tiny_c, layout_basic, serial_shops, shop,
          nicolae_ecumenical_snake_handling, minmay_gold_behind_fungi
D:2:      layout_basic, serial_shops,
          nicolae_shop_temple_entry_statues_fountains, uniq_terence

Skill      XL: |  1  2  3 |
---------------+----------+-----
Axes           | 3 4 |  4.5
Fighting       | |  2.0
Throwing       | |  1.0
Armour         | |  1.1
Dodging        | |  2.1
Spellcasting   | |  2.0
Translocations | |  2.4

Action                   |  1- 3 |  4- 6 || total
-------------------------+-------+-------++-------
Melee: Hand axe          |    55 |       ||    55
       Kick              |    12 |     2 ||    14
       Peck              |     5 |     2 ||     7
       Punch             |     1 |       ||     1
       Broad axe         |    26 |     5 ||    31
Throw: Boomerang         |     7 |       ||     7
Armor: Leather armour    |    17 |       ||    17
       Chain mail        |    16 |       ||    16
Dodge: Dodged            |    39 |     2 ||    41

Table legend:
 A = Non-vault XP
 B = Vault XP
 C = Vault XP percentage of total XP
 D = Non-vault monster count
 E = Vault monster count
 F = Vault count percentage of total count
                 A         B        C        D         E       F
            +---------+---------+-------+---------+---------+-------
      Total |      80 |      38 |  32.2 |      38 |       3 |   7.3
            +---------+---------+-------+---------+---------+-------
        D:1 |      57 |      38 |  40.0 |      32 |       3 |   8.6
        D:2 |      23 |       0 |   0.0 |       6 |       0 |   0.0
            +---------+---------+-------+---------+---------+-------
